Map: Dusk Towers

Players

Ronix - Winner!

  • Race: Terran Terran
  • League: Diamond

LilDicky

  • Race: Terran Terran
  • League: Diamond

VOD

http://www.twitch.tv/tumescentpie

Description

Time

  • Played on: Nov. 30, 2015, 11:44 a.m.
  • Length: 9:47
Show
View Real Time Build Order
Export as new Build Order

Ronix Terran - Winner!

Build Orders: 1/1/1, Mech, Banshee Rush 

Get SALT Encoding   

  12  0:00  SCV  
  13  0:13  SCV  
  14  0:20  Supply Depot  
  14  0:25  SCV  
  14  0:28  Refinery  
  15  0:41  SCV  
  16  0:46  Barracks  
  16  0:53  SCV  
  17  1:01  Refinery  
  17  1:05  SCV  
  18  1:18  SCV  
  19  1:30  SCV  
  20  1:38  Marine  
  21  1:40  Factory  
  21  1:45  Orbital Command  
  21  1:57  Supply Depot  
  21  2:12  SCV  
  22  2:24  Starport  
  22  2:25  Hellion  
  25  2:30  SCV  
  26  2:37  Barracks Tech Lab  
  26  2:38  Supply Depot  
  25  3:01  SCV  
  26  3:08  Banshee, Cloaking Field  
  29  3:15  Command Center  
  29  3:27  SCV  
  30  3:51  Command Center  
  30  3:53  Banshee  
  30  3:55  Factory Tech Lab  
  33  3:57  Barracks Reactor  
  33  4:03  SCV  
  34  4:15  SCV  
  35  4:19  Siege Tank  
  38  4:27  SCV, Orbital Command  
  39  4:40  Marine  
  39  4:41  Marine  
  41  4:53  SCV x2  
  43  5:08  SCV, Orbital Command  
  43  5:09  SCV  
  45  5:19  Factory  
  45  5:20  Factory  
  45  5:30  SCV x2  
  47  5:41  Siege Tank  
  47  5:42  Factory  
  50  5:43  SCV  
  50  5:45  Factory  
  51  5:55  SCV  
  52  6:00  SCV  
  52  6:01  SCV  
  52  6:03  Refinery x2  
  54  6:08  SCV, Refinery  
  54  6:10  Refinery  
  55  6:13  SCV  
  56  6:18  Siege Tank  
  56  6:25  Armory  
  59  6:37  Siege Tank  
  62  6:40  SCV  
  62  6:41  SCV  
  62  6:45  Starport Reactor  
  64  6:47  Factory Tech Lab  
  64  6:48  Factory Reactor, Widow Mine  
  64  6:49  Starport, Widow Mine  
  64  6:52  SCV  
  69  7:03  Engineering Bay  
  69  7:09  Supply Depot x2  
  69  7:13  Supply Depot  
  69  7:14  Supply Depot, SCV x3  
  72  7:16  Supply Depot  
  72  7:26  SCV x2  
  72  7:27  Barracks Reactor, Terran Vehicle Weapons Level 1  
  72  7:29  Viking  
  76  7:30  Viking x2  
  76  7:34  Missile Turret  
  80  7:38  SCV x3  
  80  7:43  Supply Depot  
  83  7:48  Missile Turret  
  83  7:49  Missile Turret  
  83  7:51  SCV  
  84  7:53  SCV  
  84  7:55  SCV  
  86  8:06  Siege Tank  
  86  8:07  Siege Tank  
  92  8:21  SCV x3  
  92  8:23  Viking x2  
  99  8:37  Widow Mine x2  
  99  8:41  Thor, Viking  
  109  8:42  Viking, Widow Mine x2  
  111  9:06  Siege Tank  
  111  9:07  Widow Mine x2  
  124  9:20  SCV  
  124  9:21  Supply Depot  
  124  9:22  SCV x2  
Show
View Real Time Build Order
Export as new Build Order

LilDicky Terran 

Build Orders: Reaper Expand 

Get SALT Encoding   

  12  0:04  SCV  
  13  0:16  SCV  
  14  0:21  Supply Depot  
  14  0:29  SCV  
  14  0:34  Refinery  
  15  0:43  SCV  
  15  0:46  Barracks  
  16  0:55  SCV  
  17  1:07  SCV  
  18  1:19  SCV  
  19  1:34  Reaper  
  19  1:37  Orbital Command  
  20  1:46  Supply Depot  
  20  1:53  Command Center  
  20  2:03  SCV  
  20  2:04  Refinery  
  20  2:08  Marine  
  22  2:17  SCV  
  23  2:25  Marine  
  24  2:42  Factory  
  24  2:49  Marine  
  24  2:54  Engineering Bay  
  24  2:58  Command Center  
  24  3:07  Marine  
  25  3:14  Orbital Command  
  25  3:16  SCV  
  26  3:26  Missile Turret  
  26  3:32  Missile Turret  
  26  3:38  Widow Mine  
  26  3:40  Marine  
  29  3:51  SCV, Sensor Tower  
  30  4:00  Sensor Tower  
  30  4:01  SCV  
  31  4:02  Marine  
  32  4:11  Refinery  
  32  4:15  Orbital Command  
  32  4:20  SCV  
  32  4:21  SCV  
  34  4:24  Refinery  
  34  4:26  Factory Tech Lab  
  34  4:34  SCV  
  34  4:35  Marine  
  36  4:44  SCV x2  
  35  4:53  Marine  
  35  4:54  Siege Tank  
  38  5:06  Orbital Command  
  38  5:11  Marine  
  38  5:12  Missile Turret  
  39  5:15  Starport  
  36  5:28  Marine  
  36  5:33  Siege Tank  
  40  5:40  SCV x2  
  42  5:46  SCV, Marine  
  44  5:52  SCV x2  
  46  5:58  SCV  
  46  6:01  Viking  
  46  6:03  Missile Turret  
  46  6:04  SCV x2  
  50  6:06  Refinery  
  50  6:10  SCV  
  52  6:12  Starport  
  52  6:16  SCV x2  
  54  6:22  SCV  
  54  6:24  Marine  
  56  6:28  SCV x2  
  56  6:30  Factory Tech Lab  
  58  6:32  Missile Turret  
  58  6:39  SCV  
  59  6:40  Command Center, Refinery  
  59  6:45  SCV  
  59  6:46  Missile Turret  
  60  6:51  SCV  
  61  6:58  Starport Tech Lab  
  61  7:04  Supply Depot  
  61  7:15  Missile Turret  
  61  7:19  Corvid Reactor  
  61  7:20  Cloaking Field  
  61  7:25  Banshee, Marine  
  61  7:26  SCV x3  
  61  7:29  Banshee  
  68  7:36  Supply Depot  
  71  7:38  SCV  
  71  7:39  SCV x2  
  71  7:43  Marine  
  75  7:50  SCV  
  76  8:02  Command Center  
  76  8:07  Supply Depot, Orbital Command  
  76  8:13  Marine  
  75  8:21  Viking  
  75  8:22  Viking  
  75  9:06  Command Center  
  75  9:08  Command Center  
  75  9:12  Missile Turret  
  75  9:28  SCV x3  
  78  9:37  Missile Turret  
Tags
 
Add a new tag
Caveats
  • Supply blocks, unpowered buildings, or Contaminate may cause inaccurate times.
  • Supply counts are checked every 10 seconds.